 Dungeon Crawl Stone Soup version 0.26-a0-651-gb41185065b (webtiles) character file.

Game seed: 4902813061866972587

137 loralnil the Insei (level 5, -2/42 HPs)
             Began as a Draconian Transmuter on Oct 17, 2020.
             Succumbed to an orc wizard's poison
             ... on level 4 of the Dungeon.
             The game lasted 00:04:41 (2910 turns).

loralnil the Insei (Draconian Transmuter)           Turns: 2910, Time: 00:04:41

Health: -2/42      AC:  2    Str: 12    XL:     5   Next: 0%
Magic:  9/9        EV: 20    Int: 14    God:
Gold:   223        SH:  0    Dex: 17    Spells: 3/9 levels left

rFire    . . .     SeeInvis .     - Unarmed
rCold    . . .     Faith    .   (shield currently unavailable)
rNeg     . . .     Spirit   .   (armour unavailable)
rPois    x         Reflect  .   (helmet currently unavailable)
rElec    .         Harm     .   (cloak currently unavailable)
rCorr    .         Rampage  .   (gloves currently unavailable)
MR       .....                  (boots currently unavailable)
Stlth    ++........             (no amulet)
HPRegen  0.14/turn              (no ring)
MPRegen  0.11/turn              (no ring)

@: lethally poisoned (-2 -> -53), spider-form (expiring)
A: tiny, unfitting armour, AC +5
a: End Transformation


You were on level 4 of the Dungeon.
You were a venomous arachnid creature.
You visited 1 branch of the dungeon, and saw 4 of its levels.

You collected 223 gold pieces.

Inventory:

Armour
 f - a +1 cloak (melded)
Wands
 e - a wand of acid (5)
Scrolls
 b - 3 scrolls of enchant weapon
 c - 4 scrolls of teleportation
 k - a scroll of remove curse
Potions
 d - a potion of berserk rage {unknown}
 g - a potion of cancellation {unknown}
 h - a potion of magic
 i - 2 potions of might {unknown}
 j - 2 potions of stabbing {unknown}


   Skills:
 + Level 2.4 Fighting
 + Level 2.6 Dodging
 + Level 3.7 Unarmed Combat
 + Level 2.7 Spellcasting
 + Level 2.8 Transmutations


You had 3 spell levels left.
You knew the following spells:

 Your Spells              Type           Power        Failure   Level
a - Beastly Appendage     Tmut           #.....       19%         1
b - Wereblood             Tmut           #.......     26%         2
c - Spider Form           Tmut/Pois      #.........   58%         3

Your spell library contained the following spells:

 Spells                   Type           Power        Failure   Level
 Ice Form                 Ice/Tmut       #.......     90%         4
 Blade Hands              Tmut           #.........   96%         5


Dungeon Overview and Level Annotations

Branches:
Dungeon (4/15)
 Temple: D:4-7

Altars:


Innate Abilities, Weirdness & Mutations

((Your plain brown scales are hard. (AC +5)))
You cannot fit into any form of body armour.
((You are cold-blooded and may be slowed by cold attacks.))


Message History

You have reached level 5!
Something barely misses you.
You barely miss something. Something hits you.
You are lethally poisoned!
You hit something but do no damage.
* * * LOW HITPOINT WARNING * * *
You feel sick. Something hits you but does no damage.
You are more poisoned.
You hit something.
* * * LOW HITPOINT WARNING * * *
You feel very sick. Something closely misses you.
You hit something.
* * * LOW HITPOINT WARNING * * *
You feel very sick. Something hits you.
* * * LOW HITPOINT WARNING * * *
You are more poisoned.
It was a potion of magic.
Magic courses through your body.
You die...

## ##.###
##.>..##
##.)....##
##..s{....##
#...<.......
#.........##
#.........##
#..........##
...#......##
####....###
#..### ##.


There were no monsters in sight!

Vanquished Creatures
  2 orc priests
  An adder (D:3)
  2 oozes (D:3)
  3 dart slugs
  A leopard gecko (D:1)
  4 orcs (D:3)
  4 giant cockroaches
  7 goblins
  4 hobgoblins
  A quokka (D:2)
  A ball python (D:1)
  3 bats
  4 frilled lizards
  6 kobolds
  11 rats
54 creatures vanquished.

Notes
Turn   | Place    | Note
-------+----------+-------------------------------------------
     0 | D:1      | loralnil the Draconian Transmuter began the quest for the
                  | Orb.
     0 | D:1      | Reached XP level 1. HP: 16/16 MP: 3/3
   340 | D:1      | Reached XP level 2. HP: 14/23 MP: 1/5
   644 | D:1      | Learned a level 2 spell: Wereblood
  1043 | D:1      | Reached XP level 3. HP: 29/29 MP: 4/6
  1048 | D:1      | Learned a level 3 spell: Spider Form
  2125 | D:3      | Reached XP level 4. HP: 11/36 MP: 2/7
  2905 | D:4      | Reached XP level 5. HP: 14/42 MP: 4/9
  2909 | D:4      | HP: 2/42 [something (3)]
  2910 | D:4      | Succumbed to an orc wizard's poison

Illustrated notes

Levels and vault maps discovered:
D:1:      dpeg_arrival_shelter, layout_loops_corners, chequers_avenue
D:2:      layout_basic, minmay_misc_feat_more_columns
D:3:      layout_loops_ring
D:4:      layout_cave_pods, minmay_temple_entry_large_hall,
          minmay_a_box_with_orc_wizards_in_it

Skill      XL: |  1  2  3 |
---------------+----------+-----
Dodging        | 2 |  2.6
Fighting       | 2 |  2.4
Unarmed Combat | |  3.7
Spellcasting   | |  2.7
Transmutations | |  2.8

Action                   |  1- 3 |  4- 6 || total
-------------------------+-------+-------++-------
Melee: Unarmed           |   103 |    33 ||   136
       Kick              |    19 |     8 ||    27
       Tailslap          |     7 |     3 ||    10
       Headbutt          |    12 |     1 ||    13
 Cast: Beastly Appendage |    32 |     8 ||    40
       Spider Form       |       |     1 ||     1
  Use: Scroll            |     9 |     1 ||    10
       Potion            |       |     1 ||     1
 Stab: Sleeping          |     1 |       ||     1
Armor: Skin              |    25 |     5 ||    30
Dodge: Dodged            |    71 |    15 ||    86

Table legend: (Time is in decaauts)
 A = Elapsed time spent in this place.
 B = Non-inter-level travel time spent in this place.
 C = Inter-level travel time spent in this place.
 D = Time resting spent in this place.
 E = Time spent auto-exploring this place.
 F = Levels seen in this place.
 G = Mean time per level.
                   A        B        C        D        E       F      G
               +--------+--------+--------+--------+--------+-----+--------+
         Total |   2901 |   2792 |    109 |    289 |   2037 |   4 |  725.2 |
       Dungeon |   2901 |   2792 |    109 |    289 |   2037 |   4 |  725.2 |
               +--------+--------+--------+--------+--------+-----+--------+

Top non-repeatable levels by time:
     D:1: 1465 daAuts
     D:3: 990 daAuts
     D:2: 430 daAuts
     D:4: 14 daAuts
